 Dungeon Crawl Stone Soup version 0.29.1-15-g9cfb28693d (webtiles) character file.

Game seed: 9923277791160855723

29 fakeacct the Slasher (level 3, 0/29 HPs)
             Began as a Human Berserker on Feb 25, 2023.
             Was a Follower of Trog.
             Succumbed to an adder's poison
             ... on level 2 of the Dungeon.
             The game lasted 00:07:38 (908 turns).

fakeacct the Slasher (Human Berserker)               Turns: 908, Time: 00:07:39

Health: 0/29       AC:  5    Str: 19    XL:     3   Next: 32%
Magic:  3/3        EV: 11    Int:  7    God:    Trog [*.....]
Gold:   46         SH:  0    Dex: 12    Spells: 2/2 levels left

rFire   . . .      SeeInvis .   a - +0 falchion
rCold   . . .      Faith    .   (no shield)
rNeg    . . .      Spirit   .   e - +0 ring mail
rPois   .          Reflect  .   (no helmet)
rElec   .          Harm     .   (no cloak)
rCorr   .          Rampage  .   (no gloves)
Will    .....                   (no boots)
Stlth   +.........              (no amulet)
HPRegen 0.09/turn               (no ring)
MPRegen 0.08/turn               (no ring)

@: lethally poisoned (0 -> -15)
A: no striking features
a: Renounce Religion, Berserk


You were on level 2 of the Dungeon.
You worshipped Trog.
Trog was aware of your devotion.
You visited 1 branch of the dungeon, and saw 2 of its levels.

You collected 46 gold pieces.

Inventory:

Hand Weapons
 a - a +0 falchion (weapon)
 f - a +1 vampiric dagger
Armour
 b - a +0 animal skin
 e - a +0 ring mail (worn)
Scrolls
 c - 2 scrolls of immolation {unknown}
 i - a scroll of magic mapping {unknown}
 j - 2 scrolls of amnesia {unknown}
 k - a scroll of blinking {unknown}
Potions
 d - a potion of degeneration {unknown}
 g - a potion of curing {unknown}
 h - a potion of magic {unknown}


   Skills:
 + Level 3.4 Fighting
 + Level 3.5 Long Blades
 + Level 2.2 Armour
 + Level 2.2 Dodging


You had 2 spell levels left.
You didn't know any spells.
Your spell library contained the following spells:

 Spells                   Type           Power      Damage    Failure   Level
 Poisonous Vapours        Pois/Air       0%         N/A       75%         2
 Corpse Rot               Necr/Pois/Air  0%         N/A       100%        4


Dungeon Overview and Level Annotations

Branches:
Dungeon (2/15)

Altars:


Message History

The endoplasm is moderately wounded.
The endoplasm freezes you.
You are frozen.
You hit the endoplasm.
The endoplasm is almost dead.
The endoplasm freezes you.
You are frozen.
You hit the endoplasm.
You kill the endoplasm!
Trog accepts your kill.
An adder comes into view.
An adder comes into view.
Found a scroll labelled COV LUACITI.
The adder hisses angrily.
A rat comes into view.
The adder bites you.
You are poisoned.
The adder poisons you! The adder barely misses you.
You closely miss the adder. Your punch misses the adder.
You feel sick. The adder bites you. x3
You are more poisoned.
The adder poisons you!
You miss the adder.
You feel sick. The adder bites you.
You are lethally poisoned!
The adder poisons you! The adder bites you. The adder misses you.
You barely miss the adder.
* * * LOW HITPOINT WARNING * * *
You feel very sick. The adder bites you but does no damage.
The adder closely misses you. The adder barely misses you.
The adder attacks as you move away! The adder bites you but does no damage.
The rat attacks as you move away! The rat bites you but does no damage.
* * * LOW HITPOINT WARNING * * *
You feel sick. The adder bites you.
* * * LOW HITPOINT WARNING * * *
You are more poisoned.
The adder poisons you! The adder attacks as you move away!
The adder bites you but does no damage. The adder attacks as you move away!
The adder barely misses you.
You die...

#.# ### #.# .. ##.#
## ..# ...# #. ..#
#.#.#. ...#
#.##.#######...###
##..#.#....r.......
#..........S.......
#.#.##...@.S.......
#.#.##.#####....?##
#.#.##.# #...#.#
#.#.##.# ...# #
#.#.##.# ...#
#####...)..# ...#
#....<.##.#####
..##
##.####........#
.....##..#.###.#


You could see 2 adders and a rat.

Vanquished Creatures
  A dart slug (D:1)
  2 ball pythons (D:1)
  3 endoplasms
  4 giant cockroaches (D:1)
  4 goblins (D:1)
  2 hobgoblins (D:1)
  A frilled lizard (D:1)
  2 kobolds (D:1)
  6 rats (D:1)
25 creatures vanquished.

Notes
Turn   | Place    | Note
-------+----------+-------------------------------------------
     0 | D:1      | fakeacct the Human Berserker began the quest for the Orb.
     0 | D:1      | Reached XP level 1. HP: 18/18 MP: 1/1
   117 | D:1      | Noticed an eye of devastation
   121 | D:1      | Found a faded altar of an unknown god.
   132 | D:1      | Noticed a shining eye
   132 | D:1      | Noticed a great orb of eyes
   132 | D:1      | Noticed a great orb of eyes
   237 | D:1      | Reached XP level 2. HP: 12/24 MP: 2/2
   353 | D:1      | Reached XP level 3. HP: 12/29 MP: 3/3
   908 | D:2      | Succumbed to an adder's poison

Illustrated notes

Levels and vault maps discovered:
D:1:      ncdulo_smallfort, layout_rooms, hellmonk_ecumenical_altar_watching_god
D:2:      layout_loops_cross, minmay_tetromino_l2, uniq_crazy_yiuf_cottage

Action                   || total
-------------------------++-------
Melee: Falchion          ||    69
       Punch             ||     1
Armor: Ring mail         ||    32
Dodge: Dodged            ||    42
